| TOP OF THE 1ST |
|
Idaho Falls Spuds batting - Pitching for Magic Valley Magicians : RHP Kevin Aitcheson
|
|
Pitching: RHP Kevin Aitcheson
|
|
|
Batting: LHB Joel Weatherford
|
0-0: SINGLE (Line Drive, 7LS, EV 101.9 MPH)
|
|
Batting: RHB Tony Porras
|
0-0: Ball 1-0: Ball 2-0: Foul Ball, location: 2F 2-1: Called Strike 2-2: Grounds into double play, 4-6-3 (Groundball, 4M, EV 101.9 MPH)
|
|
Batting: LHB Barry Houston
|
0-0: Swinging Strike 0-1: Ball 1-1: Called Strike 1-2: Ground out 4-3 (Groundball, 34D, EV 88.1 MPH)
|
| Top of the 1st over - 0 runs, 1 hit, 0 errors, 0 left on base; Idaho Falls 0 - Magic Valley 0 |
| BOTTOM OF THE 1ST |
|
Magic Valley Magicians batting - Pitching for Idaho Falls Spuds : RHP Mark Schuler
|
|
Pitching: RHP Mark Schuler
|
|
|
Batting: RHB Willie Lozado
|
0-0: Foul Ball, location: 2F 0-1: Swinging Strike 0-2: SINGLE (Flyball, 8RS, EV 96.3 MPH)
|
|
Batting: RHB Marlin McPhail
|
0-0: Ball 1-0: Ball 2-0: Fly out, F8 (Line Drive, 8LM, EV 91.3 MPH)
|
|
Batting: RHB Matt Cimo
|
0-0: Ball Willie Lozado is caught stealing 2nd base 2-4 1-0: Called Strike 1-1: Called Strike 1-2: Foul Ball, location: 2F 1-2: Ball 2-2: Ball 3-2: Base on Balls
|
|
Batting: RHB Jason Felice
|
0-0: Ball 1-0: TRIPLE (Flyball, 78XD, EV 91.9 MPH) Matt Cimo scores
|
|
Batting: RHB Terry Steinbach
|
0-0: Called Strike 0-1: Ball 1-1: Foul Ball, location: 2F 1-2: Fly out, F9 (Flyball, 9LM, EV 73.1 MPH)
|
| Bottom of the 1st over - 1 run, 2 hits, 0 errors, 1 left on base; Idaho Falls 0 - Magic Valley 1 |
| TOP OF THE 2ND |
|
Idaho Falls Spuds batting - Pitching for Magic Valley Magicians : RHP Kevin Aitcheson
|
|
Batting: RHB Reginald Mosley
|
0-0: Swinging Strike 0-1: Ball 1-1: Ball 2-1: Ball 3-1: Ground out 6-3 (Groundball, 6, EV 87.5 MPH)
|
|
Batting: LHB Tom Francis
|
0-0: Ball 1-0: Ground out 4-3 (Groundball, 4S, EV 69.4 MPH)
|
|
Batting: RHB Billie Merrifield
|
0-0: Ball 1-0: Ball 2-0: DOUBLE (Line Drive, 7LS, EV 91.3 MPH)
|
|
Batting: LHB Jeffrey Greene
|
0-0: Swinging Strike 0-1: Ball 1-1: Ground out 6-3 (Groundball, 6M, EV 87.5 MPH)
|
| Top of the 2nd over - 0 runs, 1 hit, 0 errors, 1 left on base; Idaho Falls 0 - Magic Valley 1 |
| BOTTOM OF THE 2ND |
|
Magic Valley Magicians batting - Pitching for Idaho Falls Spuds : RHP Mark Schuler
|
|
Batting: RHB Kevin Ward
|
0-0: Foul Ball, location: 2F 0-1: Ball 1-1: Called Strike 1-2: Fly out, F9 (Flyball, 89D, EV 100.6 MPH)
|
|
Batting: RHB Michael Smith
|
0-0: Swinging Strike 0-1: Ball 1-1: Ball 2-1: Ball 3-1: Called Strike 3-2: Strikes out looking
|
|
Batting: RHB Larry Beardman
|
0-0: Called Strike 0-1: Foul Ball, location: 2F 0-2: Foul Ball, location: 2F 0-2: Fly out, F6 (Line Drive, 6, EV 70.0 MPH)
|
| Bottom of the 2nd over - 0 runs, 0 hits, 0 errors, 0 left on base; Idaho Falls 0 - Magic Valley 1 |
| TOP OF THE 3RD |
|
Idaho Falls Spuds batting - Pitching for Magic Valley Magicians : RHP Kevin Aitcheson
|
|
Batting: RHB Brian Dorsett
|
0-0: Ball 1-0: Ball 2-0: Called Strike 2-1: Foul Ball, location: 2F 2-2: Ball 3-2: Fly out, F7 (Flyball, 7, EV 90.6 MPH)
|
|
Batting: RHB Alvin Bravo
|
0-0: Foul Ball, location: 2F 0-1: Fly out, F8 (Flyball, 89D, EV 108.8 MPH)
|
|
Batting: LHB Joel Weatherford
|
0-0: Ball 1-0: Ground out U3 (Groundball, 34, EV 82.5 MPH)
|
| Top of the 3rd over - 0 runs, 0 hits, 0 errors, 0 left on base; Idaho Falls 0 - Magic Valley 1 |
| BOTTOM OF THE 3RD |
|
Magic Valley Magicians batting - Pitching for Idaho Falls Spuds : RHP Mark Schuler
|
|
Batting: RHB James Dennett
|
0-0: Fly out, F9 (Flyball, 9S, EV 81.9 MPH)
|
|
Batting: RHB Willie Lozado
|
0-0: Ball 1-0: Foul Ball, location: 2F 1-1: Ball 2-1: Ball 3-1: Called Strike 3-2: Fly out, F7 (Flyball, 7, EV 74.4 MPH)
|
|
Batting: RHB Marlin McPhail
|
0-0: Ball 1-0: Ball 2-0: Called Strike 2-1: Ball 3-1: Fly out, F5 (Line Drive, 5, EV 68.1 MPH)
|
| Bottom of the 3rd over - 0 runs, 0 hits, 0 errors, 0 left on base; Idaho Falls 0 - Magic Valley 1 |
| TOP OF THE 4TH |
|
Idaho Falls Spuds batting - Pitching for Magic Valley Magicians : RHP Kevin Aitcheson
|
|
Batting: RHB Tony Porras
|
0-0: SINGLE (Groundball, 6S, EV 71.3 MPH) (infield hit)
|
|
Batting: LHB Barry Houston
|
0-0: Swinging Strike 0-1: Ball 1-1: Ball 2-1: Ball 3-1: Base on Balls Tony Porras to second
|
|
Batting: RHB Reginald Mosley
|
0-0: Called Strike 0-1: Grounds into double play, 5-4-3 (Groundball, 56, EV 86.9 MPH) Tony Porras to third
|
|
Batting: LHB Tom Francis
|
0-0: Swinging Strike 0-1: SINGLE (Groundball, 34D, EV 103.1 MPH) Tony Porras scores
|
|
Batting: RHB Billie Merrifield
|
0-0: Called Strike 0-1: Ball 1-1: Swinging Strike 1-2: Ball 2-2: Foul Ball, location: 2F 2-2: Foul Ball, location: 2F 2-2: Ball 3-2: Base on Balls Tom Francis to second
|
|
Batting: LHB Jeffrey Greene
|
0-0: Called Strike 0-1: Ball 1-1: Ball 2-1: Ball 3-1: SINGLE (Groundball, 6D, EV 101.9 MPH) Tom Francis to third Billie Merrifield to second Runner from 3rd tries for Home, SAFE, throw by LF to home
|
|
Batting: RHB Brian Dorsett
|
0-0: SINGLE (Line Drive, 4MD, EV 105.6 MPH) Billie Merrifield to third Jeffrey Greene to second Runner from 3rd tries for Home, SAFE, throw by CF to home
|
|
Batting: RHB Alvin Bravo
|
0-0: Ball 1-0: Called Strike 1-1: Foul Ball, location: 2F 1-2: Ground out 6-3 (Groundball, 4MS, EV 78.8 MPH)
|
| Top of the 4th over - 3 runs, 4 hits, 0 errors, 2 left on base; Idaho Falls 3 - Magic Valley 1 |
| BOTTOM OF THE 4TH |
|
Magic Valley Magicians batting - Pitching for Idaho Falls Spuds : RHP Mark Schuler
|
|
Batting: RHB Matt Cimo
|
0-0: Swinging Strike 0-1: Called Strike 0-2: Ball 1-2: Ball 2-2: SINGLE (Groundball, 4MD, EV 96.9 MPH)
|
|
Batting: RHB Jason Felice
|
0-0: Ball 1-0: Ball 2-0: SINGLE (Groundball, 3D, EV 101.3 MPH) Matt Cimo to second Runner from 2nd tries for 3rd, SAFE, no throw by RF
|
|
Batting: RHB Terry Steinbach
|
0-0: Ball Jason Felice steals 2nd base (no throw) 1-0: SINGLE (Groundball, 6S, EV 70.0 MPH) (infield hit) Matt Cimo scores Jason Felice to third
|
|
Batting: RHB Kevin Ward
|
0-0: Ball 1-0: Called Strike 1-1: Ball 2-1: Fly out, F2 (Popup, 25F, EV 81.3 MPH)
|
|
Batting: RHB Michael Smith
|
0-0: Fly out, F7 (Flyball, 78M, EV 85.6 MPH) Runner from 3rd tags up, SCORES, throw by LF
|
|
Batting: RHB Larry Beardman
|
0-0: Foul Ball, location: 2F 0-1: Foul Ball, location: 2F 0-2: Ball 1-2: Foul Ball, location: 2F 1-2: Ball 2-2: SINGLE (Groundball, 4MD, EV 93.8 MPH) Terry Steinbach to second Runner from 2nd tries for 3rd, SAFE, no throw by CF
|
|
Batting: RHB James Dennett
|
0-0: Called Strike 0-1: Swinging Strike 0-2: Ball 1-2: Ball 2-2: Ball 3-2: Base on Balls Larry Beardman to second
|
|
Batting: RHB Willie Lozado
|
0-0: Fly out, F5 (Popup, 5, EV 58.1 MPH)
|
| Bottom of the 4th over - 2 runs, 4 hits, 0 errors, 3 left on base; Idaho Falls 3 - Magic Valley 3 |
| TOP OF THE 5TH |
|
Idaho Falls Spuds batting - Pitching for Magic Valley Magicians : RHP Kevin Aitcheson
|
|
Pitching: RHP Manny Ramirez
|
|
|
Batting: LHB Joel Weatherford
|
0-0: Ball 1-0: Called Strike 1-1: Foul Ball, location: 2F 1-2: Ball 2-2: Ball 3-2: Base on Balls
|
|
Batting: RHB Tony Porras
|
0-0: Bunt missed! 0-1: Bunted foul 0-2: Ball 1-2: Foul Ball, location: 2F 1-2: Ball 2-2: Ground out 2-3 (Groundball, 13S, EV 65.0 MPH) Joel Weatherford to second
|
|
Batting: LHB Barry Houston
|
0-0: Called Strike 0-1: Foul Ball, location: 2F 0-2: Fly out, F8 (Line Drive, 8RM, EV 101.3 MPH)
|
|
Batting: RHB Reginald Mosley
|
0-0: Ball 1-0: Ground out 3-1 (Groundball, 34, EV 85.6 MPH)
|
| Top of the 5th over - 0 runs, 0 hits, 0 errors, 1 left on base; Idaho Falls 3 - Magic Valley 3 |
| BOTTOM OF THE 5TH |
|
Magic Valley Magicians batting - Pitching for Idaho Falls Spuds : RHP Mark Schuler
|
|
Batting: RHB Marlin McPhail
|
0-0: Ball 1-0: Ball 2-0: Ground out 5-3 (Groundball, 5, EV 100.6 MPH)
|
|
Batting: RHB Matt Cimo
|
0-0: Ball 1-0: Called Strike 1-1: Foul Ball, location: 2F 1-2: Strikes out swinging
|
|
Batting: RHB Jason Felice
|
0-0: Called Strike 0-1: Ball 1-1: Fly out, F9 (Flyball, 9LS, EV 80.6 MPH)
|
| Bottom of the 5th over - 0 runs, 0 hits, 0 errors, 0 left on base; Idaho Falls 3 - Magic Valley 3 |
| TOP OF THE 6TH |
|
Idaho Falls Spuds batting - Pitching for Magic Valley Magicians : RHP Manny Ramirez
|
|
Batting: LHB Tom Francis
|
0-0: Ground out 5-3 (Groundball, 56S, EV 85.0 MPH)
|
|
Batting: RHB Billie Merrifield
|
0-0: Swinging Strike 0-1: Ball 1-1: Called Strike 1-2: Ball 2-2: Fly out, F9 (Flyball, 9S, EV 94.4 MPH)
|
|
Batting: LHB Jeffrey Greene
|
0-0: Ball 1-0: Ball 2-0: Ball 3-0: Base on Balls
|
|
Batting: RHB Brian Dorsett
|
0-0: Foul Ball, location: 2F 0-1: Ball 1-1: Foul Ball, location: 2F 1-2: Ball 2-2: Ball 3-2: Foul Ball, location: 2F 3-2: Foul Ball, location: 2F 3-2: SINGLE (Groundball, 34D, EV 108.1 MPH) Jeffrey Greene to second Jeffrey Greene to third
|
|
Batting: RHB Alvin Bravo
|
0-0: Ball 1-0: Foul Ball, location: 2F 1-1: Ball 2-1: Ground out 4-3 (Groundball, 4, EV 106.3 MPH)
|
| Top of the 6th over - 0 runs, 1 hit, 0 errors, 2 left on base; Idaho Falls 3 - Magic Valley 3 |
| BOTTOM OF THE 6TH |
|
Magic Valley Magicians batting - Pitching for Idaho Falls Spuds : RHP Mark Schuler
|
|
Batting: RHB Terry Steinbach
|
0-0: Ball 1-0: Swinging Strike 1-1: Ball 2-1: Foul Ball, location: 2F 2-2: Ground out 6-3 (Groundball, 6M, EV 103.1 MPH)
|
|
Batting: RHB Kevin Ward
|
0-0: Foul Ball, location: 2F 0-1: Fly out, F9 (Flyball, 9, EV 90.0 MPH)
|
|
Batting: RHB Michael Smith
|
0-0: Called Strike 0-1: Fly out, F5 (Line Drive, 5, EV 69.4 MPH)
|
| Bottom of the 6th over - 0 runs, 0 hits, 0 errors, 0 left on base; Idaho Falls 3 - Magic Valley 3 |
| TOP OF THE 7TH |
|
Idaho Falls Spuds batting - Pitching for Magic Valley Magicians : RHP Manny Ramirez
|
|
Batting: LHB Joel Weatherford
|
0-0: Called Strike 0-1: Ball 1-1: Fly out, F7 (Flyball, 78S, EV 89.4 MPH)
|
|
Batting: RHB Tony Porras
|
0-0: Ball 1-0: SINGLE (Line Drive, 9S, EV 98.1 MPH)
|
|
Batting: LHB Barry Houston
|
0-0: Ball 1-0: Ball 2-0: Ball 3-0: Base on Balls Tony Porras to second
|
|
Batting: RHB Reginald Mosley
|
0-0: Ball 1-0: Grounds into double play, 6-4-3 (Groundball, 6, EV 84.4 MPH)
|
| Top of the 7th over - 0 runs, 1 hit, 0 errors, 1 left on base; Idaho Falls 3 - Magic Valley 3 |
| BOTTOM OF THE 7TH |
|
Magic Valley Magicians batting - Pitching for Idaho Falls Spuds : RHP Mark Schuler
|
|
Batting: RHB Larry Beardman
|
0-0: Ground out 4-3 (Groundball, 4MD, EV 90.6 MPH)
|
|
Batting: RHB James Dennett
|
0-0: Ball 1-0: Swinging Strike 1-1: Fly out, F8 (Line Drive, 8RD, EV 92.5 MPH)
|
|
Batting: RHB Willie Lozado
|
0-0: Ball 1-0: SINGLE (Groundball, 34S, EV 70.0 MPH) (infield hit)
|
|
Batting: RHB Marlin McPhail
|
0-0: Ball 1-0: Swinging Strike 1-1: Ball 2-1: Fielders Choice at 2nd, 6-4 (Groundball, 6, EV 85.0 MPH)
|
| Bottom of the 7th over - 0 runs, 1 hit, 0 errors, 1 left on base; Idaho Falls 3 - Magic Valley 3 |
| TOP OF THE 8TH |
|
Idaho Falls Spuds batting - Pitching for Magic Valley Magicians : RHP Manny Ramirez
|
|
Batting: LHB Tom Francis
|
0-0: SOLO HOME RUN (Flyball, 9D, EV 106.9 MPH), Distance : 378 ft
|
|
Batting: RHB Billie Merrifield
|
0-0: Ball 1-0: Fly out, F8 (Flyball, 89S, EV 94.4 MPH)
|
|
Batting: LHB Jeffrey Greene
|
0-0: Ball 1-0: Ball 2-0: Ball 3-0: Base on Balls
|
|
Batting: RHB Brian Dorsett
|
0-0: Foul Ball, location: 2F 0-1: Ball 1-1: SINGLE (Line Drive, 8LS, EV 91.9 MPH) Jeffrey Greene to second
|
|
Pinch Runner at 2nd Thomas Smith:
|
|
|
Batting: RHB Alvin Bravo
|
0-0: Ball Wild Pitch! Thomas Smith to third Brian Dorsett to second 1-0: Ground out 6-3 (Groundball, 56, EV 105.0 MPH)
|
|
Batting: LHB Joel Weatherford
|
0-0: Intentional Walk
|
|
Pitching: RHP Bernardo Howard
|
|
|
Batting: RHB Tony Porras
|
0-0: Ground out 3-1 (Groundball, 34S, EV 86.9 MPH)
|
| Top of the 8th over - 1 run, 2 hits, 0 errors, 3 left on base; Idaho Falls 4 - Magic Valley 3 |
| BOTTOM OF THE 8TH |
|
Magic Valley Magicians batting - Pitching for Idaho Falls Spuds : RHP Mark Schuler
|
|
Now at 3B: Henry Smith
|
|
|
Batting: RHB Matt Cimo
|
0-0: Ball 1-0: Ball 2-0: SINGLE (Flyball, 89S, EV 92.5 MPH)
|
|
Batting: RHB Jason Felice
|
0-0: Swinging Strike 0-1: Ball 1-1: Ball 2-1: Called Strike 2-2: SINGLE (Groundball, 6MD, EV 105.0 MPH) Matt Cimo to second Runner from 2nd tries for 3rd, SAFE, no throw by CF
|
|
Batting: RHB Terry Steinbach
|
0-0: Ball 1-0: Ball 2-0: 3-RUN HOME RUN (Flyball, 9D, EV 98.8 MPH), Distance : 355 ft
|
|
Batting: RHB Kevin Ward
|
0-0: Ball 1-0: SINGLE (Line Drive, 8LS, EV 113.1 MPH)
|
|
Batting: RHB Michael Smith
|
0-0: Ball 1-0: Ball 2-0: Ball 3-0: Base on Balls Kevin Ward to second
|
|
Batting: RHB Larry Beardman
|
0-0: Ball 1-0: Called Strike 1-1: Ball 2-1: Ball 3-1: Foul Ball, location: 2F 3-2: Foul Ball, location: 2F 3-2: Foul Ball, location: 2F 3-2: Fly out, F3 (Popup, 3SF, EV 77.5 MPH)
|
|
Batting: RHB James Dennett
|
0-0: Called Strike 0-1: Ball 1-1: Foul Ball, location: 2F 1-2: SINGLE (Groundball, 6MD, EV 96.3 MPH) Kevin Ward to third Michael Smith to second Runner from 3rd tries for Home, SAFE, throw by CF to home
|
|
Batting: RHB Willie Lozado
|
0-0: Ball 1-0: Foul Ball, location: 2F 1-1: 3-RUN HOME RUN (Flyball, 78XD, EV 101.9 MPH), Distance : 432 ft
|
|
Pitching: RHP Christopher Ray
|
|
|
Batting: RHB Marlin McPhail
|
0-0: Called Strike 0-1: Fly out, F9 (Line Drive, 9, EV 91.3 MPH)
|
|
Batting: RHB Matt Cimo
|
0-0: Ball 1-0: Called Strike 1-1: SINGLE (Flyball, 56D, EV 84.4 MPH)
|
|
Batting: RHB Jason Felice
|
0-0: Ball 1-0: Called Strike 1-1: Ball 2-1: Fly out, F8 (Flyball, 8RM, EV 92.5 MPH)
|
| Bottom of the 8th over - 7 runs, 7 hits, 0 errors, 1 left on base; Idaho Falls 4 - Magic Valley 10 |
| TOP OF THE 9TH |
|
Idaho Falls Spuds batting - Pitching for Magic Valley Magicians : RHP Bernardo Howard
|
|
Batting: LHB Barry Houston
|
0-0: Called Strike 0-1: Ball 1-1: Swinging Strike 1-2: Ball 2-2: Ball 3-2: Base on Balls
|
|
Batting: RHB Reginald Mosley
|
0-0: Foul Ball, location: 2F 0-1: Fly out, F4 (Popup, 4D, EV 55.6 MPH)
|
|
Batting: LHB Tom Francis
|
0-0: Swinging Strike 0-1: Swinging Strike 0-2: Grounds into double play, 4-6-3 (Groundball, 4, EV 85.6 MPH)
|
| Top of the 9th over - 0 runs, 0 hits, 0 errors, 0 left on base; Idaho Falls 4 - Magic Valley 10 |
|